 Dungeon Crawl Stone Soup version 0.31-a0-675-g238779eb0a (webtiles) character file.

Game seed: 18172058029293286310

36 lunkers the Vexing (level 3, 26/28 HPs)
             Began as a Meteoran Hexslinger on Sept 5, 2023.
             Quit the game on level 2 of the Dungeon.
             The game lasted 00:00:57 (547 turns).

lunkers the Vexing (Meteoran Hexslinger)             Turns: 547, Time: 00:00:58

Health: 26/28      AC:  2    Str: 10    XL:     3   Next: 82%
Magic:  6/6        EV: 12    Int: 14    God:
Gold:   58         SH:  0    Dex: 18    Spells: 3/4 levels left

rFire   . . .        a - +1 sling
rCold   . . .        (no shield)
rNeg    . . .        c - +0 robe
rPois   .            (no helmet)
rElec   .            (no cloak)
rCorr   .            (no gloves)
SInv    .            (no boots)
Will    .....        (no amulet)
Stlth   +            e - ring of flight
HPRegen 0.24/turn    (no ring)
MPRegen 0.10/turn

%: no passive effects
@: flying, glowing
A: sense surroundings 1, otherworldly, glowing, explore regen
a: no special abilities


You were on level 2 of the Dungeon.
You visited 1 branch of the dungeon, and saw 2 of its levels.

You collected 58 gold pieces.

Inventory:

Hand Weapons
 a - a +1 sling (weapon)
Armour
 c - a +0 robe (worn)
Jewellery
 e - a ring of flight (left hand)
Scrolls
 b - a scroll of poison
 d - a scroll of vulnerability {unknown}
 f - 2 scrolls of identify {unknown}
 g - 2 scrolls of teleportation {unknown}
 i - a scroll of acquirement {unknown}
 l - a scroll of butterflies {unknown}
Potions
 h - a potion of brilliance {unknown}
 j - 2 potions of curing {unknown}
 k - 2 potions of lignification {unknown}


   Skills:
 - Level 1.1 Fighting
 * Level 3.5 Ranged Weapons
 - Level 2.1 Dodging
 - Level 1.3 Spellcasting
 + Level 4.2 Hexes


You had 3 spell levels left.
You knew the following spells:

 Your Spells              Type           Power      Damage    Failure   Level
p - Slow                  Hex            48%        N/A       4%          1

Your spell library contained the following spells:

 Spells                   Type           Power      Damage    Failure   Level
 Apportation              Tloc           0%         N/A       26%         1
 Inner Flame              Hex/Fire       6%         N/A       32%         3
 Portal Projectile        Hex/Tloc       12%        N/A       32%         3
 Cause Fear               Hex            6%         N/A       41%         4
 Alistair's Intoxication  Tmut/Pois      0%         N/A       100%        5


Dungeon Overview and Level Annotations

Branches:
Dungeon (2/15) Zot: 639

Altars:


Innate Abilities, Weirdness & Mutations

You passively map a small area around you.
You are easily found by Zot.
You glow in the dark.
You regain HP and MP as you explore.


Message History

You are no longer poisoned.
The adder misses you.
Fire: a) +1 sling
Press: ? - help, Q - select action, (/) - cycle Shift-Dir - straight line, f/p - adder
Aim: an adder (almost dead, slow, 42% to hit)
You shoot a sling bullet.
The sling bullet closely misses the adder.
The sling bullet hits the ball python!
You kill the ball python!
The adder bites you.
* * * LOW HITPOINT WARNING * * *
Fire: a) +1 sling
Press: ? - help, Q - select action, (/) - cycle Shift-Dir - straight line, f/p - adder
Aim: an adder (almost dead, slow, 42% to hit)
You shoot a sling bullet. The sling bullet hits the adder.
You kill the adder!
Unknown command.
Fire: a) +1 sling
Press: ? - help, Q - select action, (/) - cycle Shift-Dir - straight line, f - goblin
Aim: a goblin, wielding a +0 dagger (53% to hit)
You shoot a sling bullet. The sling bullet hits the goblin!
You kill the goblin!
Unknown command.
Things that are here:
a +0 dagger; an adder corpse
There is an open door, spattered with blood here.
Things that are here:
a ball python corpse; a ball python corpse; a bat corpse Magic restored.
You see here a staff of death.
There is a faded altar of an unknown god here.
This altar belongs to (a) Ignis, (b) Vehumet or (c) Dithmenos, but you can't tell which.
Press the corresponding letter to learn more about a god, or press enter to convert or escape to cancel.
Okay, then.
A quokka comes into view.
Found a cloak.
The quokka moves out of view.
You fly up into the air.
e - a ring of flight (left hand)
You shoot a sling bullet. The sling bullet hits the quokka!
You kill the quokka!
Are you sure you want to abandon this character and quit the game? (Confirm with "yes".)

* , ###... ,* , *
* .....# .....# ,
,* .....#* , , *
,.....# * #. ####
[....## * ##.
#..###†...... ..
##..#* ##..#@..#
, , ...
.....###.......#
,, ..#
#...#...#.#### ,
#.#* #.....#### ,
#.# ##._.##
#.######.....##
#.##..#...#.|.#
#........###....#
#....#..## ##..##


There were no monsters in sight!

Vanquished Creatures
  An adder (D:2)
  A dart slug (D:1)
  5 bats
  An endoplasm (D:1)
  3 giant cockroaches (D:1)
  3 goblins
  A hobgoblin (D:1)
  A quokka (D:2)
  3 ball pythons (D:2)
  A frilled lizard (D:1)
  4 rats (D:1)
24 creatures vanquished.

Notes
Turn   | Place    | Note
-------+----------+-------------------------------------------
     0 | D:1      | lunkers the Meteoran Hexslinger began the quest for the
                  | Orb.
     0 | D:1      | Reached XP level 1. HP: 16/16 MP: 3/3
    70 | D:1      | Reached XP level 2. HP: 23/23 MP: 5/5
   292 | D:1      | Reached skill level 4 in Hexes
   302 | D:1      | Reached XP level 3. HP: 20/28 MP: 6/6
   496 | D:2      | Found a faded altar of an unknown god.
   547 | D:2      | Quit the game

Illustrated notes

Levels and vault maps discovered:
D:1:      minmay_arrival_semitransparent, layout_basic, minmay_misc_feat_encased
D:2:      layout_basic, nicolae_ecumenical_snake_handling

Skill      XL: |  1  2 |
---------------+-------+-----
Ranged Weapons | 3 |  3.5
Hexes          | 4 |  4.2
Fighting       | |  1.1
Dodging        | |  2.1
Spellcasting   | |  1.3

Action                     || total
---------------------------++-------
   Fire: Sling             ||    55
   Cast: Slow              ||     5
 Armour: Robe              ||    14
  Dodge: Dodged            ||    17

Table legend: (Time is in decaauts)
 A = Elapsed time spent in this place.
 B = Non-inter-level travel time spent in this place.
 C = Inter-level travel time spent in this place.
 D = Time resting spent in this place.
 E = Time spent auto-exploring this place.
 F = Levels seen in this place.
 G = Mean time per level.
                   A        B        C        D        E       F      G
               +--------+--------+--------+--------+--------+-----+--------+
         Total |    560 |    551 |      9 |      0 |    428 |   2 |  280.0 |
       Dungeon |    560 |    551 |      9 |      0 |    428 |   2 |  280.0 |
               +--------+--------+--------+--------+--------+-----+--------+

Top non-repeatable levels by time:
     D:1: 486 daAuts
     D:2: 74 daAuts
